 Dungeon Crawl Stone Soup version 0.31-a0-202-g547052bce9 (webtiles) character file.

Game seed: 852397097264230186

776 qw the Skirmisher (level 7, -6/40 HPs)
             Began as a Deep Elf Hunter on June 26, 2023.
             Killed from afar by a white imp (7 damage)
             ... with a puff of frost
             ... on level 5 of the Dungeon.
             The game lasted 00:01:56 (3350 turns).

qw the Skirmisher (Deep Elf Hunter)                 Turns: 3350, Time: 00:01:56

Health: -6/40      AC:  6    Str:  8 (10) XL:     7   Next: 54%
Magic:  0/0        EV: 14    Int: 14      God:
Gold:   201        SH:  0    Dex: 20 (21) Spells: 6/6 levels left

rFire   . . .        Y - +4 shortbow
rCold   . . .        (shield currently unavailable)
rNeg    . . .        c - +1 robe "Pifoph" {rElec MP-9 Dex+3}
rPois   .            l - +0 helmet
rElec   +            q - +0 cloak
rCorr   +            k - +0 pair of gloves
SInv    .            (no boots)
Will    .....        (no amulet)
Stlth   ++           m - ring of resist corrosion
HPRegen 0.26/turn    (no ring)
MPRegen 0.07/turn

%: no passive effects
@: lethally poisoned (-6 -> -18), about to teleport, weakened
A: no striking features
a: no special abilities


You were on level 5 of the Dungeon.
You visited 1 branch of the dungeon, and saw 5 of its levels.

You collected 201 gold pieces.


   Skills:
 - Level 2.7 Fighting
 - Level 11.1 Ranged Weapons
 + Level 4.0 Dodging
 - Level 1.2 Stealth


You had 6 spell levels left.
You didn't know any spells.
Your spell library was empty.

Inventory:

Hand Weapons
 Y - a +4 shortbow (weapon)
Armour
 a - a +0 ring mail
 c - the +1 robe "Pifoph" (worn) {rElec MP-9 Dex+3}
   (You found it on level 3 of the Dungeon)

   Dex:       It affects your dexterity (+3).
   rElec:     It insulates you from electricity.
   MP:        It affects your magic capacity (-9).
 k - a +0 pair of gloves (worn)
 l - a +0 helmet (worn)
 q - a +0 cloak (worn)
Jewellery
 m - a ring of resist corrosion (left hand)
Scrolls
 h - a scroll of teleportation
Potions
 b - a potion of haste {unknown}
 d - a potion of brilliance {unknown}
 e - a potion of cancellation {unknown}
 f - a potion of lignification {unknown}
 g - 3 potions of curing
 n - a potion of experience {unknown}

Dungeon Overview and Level Annotations

Branches:
Dungeon (5/15)
 Temple: D:4-7

Altars:

Shops:
D:1 (   D:2 (


Message History

You feel very sick.
There is an open door here.
You shoot an arrow. The arrow hits the orc.
You kill the orc!
You feel sick.
The orc hits you with a +1 dagger of venom.
You are more poisoned.
The orc priest calls down the wrath of Beogh upon you.
Pain shoots through your body!
You feel your dexterity returning.
3346 ||| READING 2 scrolls of teleportation.
As you read the scroll of teleportation, it crumbles to dust.
You feel strangely unstable.
You feel very sick.
The orc hits you with a +1 dagger of venom.
You are more poisoned.
The gnoll bouda gazes fiercely through you!
You feel your attacks grow feeble.
You hear a shout!
3347 ||| DRINKING potion of heal wounds.
You feel much better.
You feel very sick.
You hear a shout!
The orc hits you but does no damage.
You are more poisoned.
A white imp comes into view.
You shoot an arrow. The arrow hits the orc!
You kill the orc!
You feel very sick.
You shoot an arrow. The arrow hits the orc priest!
The orc priest is heavily wounded.
You feel very sick. The orc priest barely misses you.
You shoot an arrow. The arrow hits the orc priest.
The orc priest is heavily wounded.
You feel very sick.
The orc priest hits you with a +0 dagger.
The white imp gestures at you. The puff of frost hits you!
You die...

#### #...#..#. #...#
#..#..#.. #...# #....#...
#...# #...#..# #...#
#..#..# #...# #....# ####
#...#####...# ...
+...'...@o.# PP.#
#..%#####)...#
...########......g..#..#
PP##...............#).#..
.......<.........#......#
....................5....
.......^...............##
..........#..#....###...
..................#


You could see a gnoll bouda, an orc priest and a white imp.

Vanquished Creatures
  An ogre (D:4)
  A scorpion (D:4)
  5 wights (D:5)
  2 hounds
  Terence (D:3)
  2 iguanas
  Robin (D:3)
  6 gnolls (D:5)
  4 adders
  A river rat (D:4)
  An ufetubus (D:4)
  3 worms
  3 dart slugs
  10 orcs
  9 ball pythons
  3 bats
  9 endoplasms
  5 giant cockroaches (D:4)
  15 goblins
  10 hobgoblins
  5 kobolds
  6 quokkas
  A frilled lizard (D:3)
  3 rats
107 creatures vanquished.

Notes
Turn   | Place    | Note
-------+----------+-------------------------------------------
     0 | D:1      | qw the Deep Elf Hunter began the quest for the Orb.
     0 | D:1      | Reached XP level 1. HP: 12/12 MP: 3/3
     0 | D:1      | 0 ||| qw: Version: 0.3-a-22-g0ed2b0b
     0 | D:1      | 0 ||| qw: Game counter: 6316
     0 | D:1      | 0 ||| qw: Melee chars always use a shield: true
     0 | D:1      | 0 ||| qw: God list: Okawaru
     0 | D:1      | 0 ||| qw: Allow faded altars: false
     0 | D:1      | 0 ||| qw: Do Orc after clearing Dungeon:15 true
     0 | D:1      | 0 ||| qw: Do second Lair branch before Depths: true
     0 | D:1      | 0 ||| qw: Lair rune preference: random
     0 | D:1      | 0 ||| qw: Goals: Normal
     0 | D:1      | 0 ||| PLANNING D:1-11
   117 | D:1      | HP: 2/12 [frozen (5)]
   119 | D:1      | Reached XP level 2. HP: 3/16 MP: 4/4
   184 | D:1      | Reached skill level 6 in Ranged Weapons
   267 | D:1      | Found Laimawaots's Weapon Shop.
   304 | D:1      | Found a faded altar of an unknown god.
   515 | D:1      | 515 ||| READING 2 scrolls labelled RIKLYO LAPOOL.
   516 | D:1      | 516 ||| READING scroll of enchant weapon.
   516 | D:1      | 516 ||| ENCHANTING +1 shortbow.
   517 | D:1      | 517 ||| READING 2 scrolls labelled MOTZOMP BIKUBI.
   520 | D:1      | 520 ||| DRINKING 2 emerald potions.
   521 | D:1      | 521 ||| DROPPING scroll of butterflies.
   544 | D:2      | Reached XP level 3. HP: 13/20 MP: 5/5
   759 | D:2      | Reached skill level 7 in Ranged Weapons
   784 | D:2      | Found Ceclitagec's Weapon Boutique.
  1034 | D:2      | 1034 ||| UPGRADING to +0 ring mail.
  1044 | D:2      | 1044 ||| DROPPING +0 leather armour.
  1090 | D:3      | Identified the +1 robe "Pifoph" {rElec MP-9 Dex+3}
  1238 | D:3      | Noticed Terence
  1246 | D:3      | Killed Terence
  1247 | D:3      | Reached XP level 4. HP: 25/25 MP: 6/6
  1425 | D:3      | Noticed Robin
  1426 | D:3      | 1426 ||| Stepping ~*~*~tactically~*~*~ (outnumbered).
  1432 | D:3      | Killed Robin
  1433 | D:3      | Reached skill level 8 in Ranged Weapons
  1643 | D:3      | Reached XP level 5. HP: 26/29 MP: 7/7
  1661 | D:3      | 1661 ||| READING scroll of enchant weapon.
  1661 | D:3      | 1661 ||| ENCHANTING +2 shortbow.
  2062 | D:3      | 2062 ||| UPGRADING to +1 robe "Pifoph" {rElec MP-9 Dex+3}.
  2072 | D:3      | 2072 ||| UPGRADING to +0 pair of gloves.
  2077 | D:3      | 2077 ||| UPGRADING to +0 helmet.
  2082 | D:3      | 2082 ||| UPGRADING to ring of resist corrosion.
  2083 | D:3      | 2083 ||| DRINKING 2 red potions.
  2107 | D:4      | 2107 ||| PLANNING SEWER
  2171 | D:4      | Reached skill level 3 in Dodging
  2174 | D:4      | Reached skill level 9 in Ranged Weapons
  2195 | D:4      | 2195 ||| READING scroll of enchant weapon.
  2195 | D:4      | 2195 ||| ENCHANTING +3 shortbow.
  2314 | D:4      | Noticed an ogre
  2317 | D:4      | Killed an ogre
  2318 | D:4      | Reached XP level 6. HP: 36/36 MP: 0/8
  2830 | D:4      | Found a glowing drain.
  2836 | D:4      | 2836 ||| UPGRADING to +0 cloak.
  2841 | D:4      | 2841 ||| READING scroll labelled HYOSETW NONY.
  2842 | D:4      | 2842 ||| READING 2 scrolls labelled TITYQO ISOTH.
  2843 | D:4      | 2843 ||| READING scroll labelled WUS XIERHADWID.
  2844 | D:4      | 2844 ||| DRINKING 2 golden potions.
  2845 | D:4      | 2845 ||| DROPPING potion of degeneration.
  2846 | D:4      | 2846 ||| DROPPING scroll of fear.
  2912 | D:3      | 2912 ||| RIP SEWER
  2912 | D:3      | 2912 ||| PLANNING D:1-11
  3133 | D:5      | Entered Level 5 of the Dungeon
  3151 | D:5      | Reached skill level 10 in Ranged Weapons
  3151 | D:5      | Reached XP level 7. HP: 40/40 MP: 0/9
  3322 | D:5      | Reached skill level 11 in Ranged Weapons
  3344 | D:5      | 3344 ||| Stepping ~*~*~tactically~*~*~ (outnumbered).
  3345 | D:5      | HP: 7/40 [orc priest/nerve-wracking pain (11)]
  3346 | D:5      | 3346 ||| READING 2 scrolls of teleportation.
  3346 | D:5      | HP: 2/40 [orc/+1 dagger of venom (2)]
  3347 | D:5      | 3347 ||| DRINKING potion of heal wounds.
  3350 | D:5      | Killed from afar by a white imp

Levels and vault maps discovered:
D:1:      dpeg_arrival_concentric_ovals, layout_basic,
          ebering_ecumenical_altar_mist, serial_shops,
          nicolae_shop_bloodbath_and_beyond
D:2:      layout_basic, serial_shops, nicolae_lakefront_shop, dk_noncrumbling_3,
          chequers_serial_rivers_micro_c, minivault_23
D:3:      layout_basic, uniq_robin, uniq_terence
D:4:      nicolae_cairo_tiling_very_big, layout_rooms, gup_sewer_entry_bubbles,
          hangedman_decor_lopped, dreamdust_princess_bridge, grunt_ministairs_6,
          minmay_misc_feat_cross
D:5:      layout_basic, gammafunk_temple_overflow_claw, minmay_misc_feat_plants,
          minmay_misc_feat_diagonals, minmay_hedge_maze,
          minmay_fractal_squares_diagonal_5

Skill      XL: |  1  2  3  4  5  6  7 |
---------------+----------------------+-----
Ranged Weapons | 6 7 8 9 10 11 | 11.1
Dodging        | 3 4 |  4.0
Fighting       | 2 |  2.7
Stealth        | |  1.2

Action                     |  1- 3 |  4- 6 |  7- 9 || total
---------------------------+-------+-------+-------++-------
   Fire: Shortbow          |    94 |   128 |    59 ||   281
    Use: Scroll            |     3 |     5 |     1 ||     9
         Potion            |     1 |     2 |     1 ||     4
 Armour: Leather armour    |     8 |       |       ||     8
         Ring mail         |       |     9 |       ||     9
         Robe              |       |     6 |     5 ||    11
  Dodge: Dodged            |    19 |    20 |    10 ||    49

Table legend:
 A = Non-vault XP
 B = Vault XP
 C = Vault XP percentage of total XP
 D = Non-vault monster count
 E = Vault monster count
 F = Vault count percentage of total count
                 A         B        C        D         E       F
            +---------+---------+-------+---------+---------+-------
      Total |     994 |     115 |  10.4 |      85 |      22 |  20.6
            +---------+---------+-------+---------+---------+-------
        D:1 |      35 |       0 |   0.0 |      18 |       0 |   0.0
        D:2 |      50 |       0 |   0.0 |      13 |       0 |   0.0
        D:3 |      47 |      75 |  61.5 |      14 |      14 |  50.0
        D:4 |     320 |      40 |  11.1 |      21 |       8 |  27.6
        D:5 |     542 |       0 |   0.0 |      19 |       0 |   0.0
            +---------+---------+-------+---------+---------+-------
